Construct Infanterie Kompanie
Selects Mechanized Battlegroup
Construct Luftwaffe Kompanie
Selects Mobile Repair Stations
Flak 30 Anti-aircraft Gun Team
Luftwaffe Officer Quarters
Selects Wespe Self-propelled Artillery
Wespe Self-propelled Artillery
Marder III M Tank Destroyer
Wespe Self-propelled Artillery
Wespe Self-propelled Artillery
Selects 8 Rad Armored Car
Wespe Self-propelled Artillery
Selects Panther Heavy Tank
Wespe Self-propelled Artillery
Marder III M Tank Destroyer
Selects Zeroing Artillery Barrage